 Dungeon Crawl Stone Soup version 0.13.0-26-gf7ffa3a (webtiles) character file.

248 Impy the Poker (level 4, -1/35 HPs)
             Began as a Demonspawn Gladiator on Nov 1, 2013.
             Slain by Sigmund
             ... wielding a cursed -1,+0 scythe
              (2 damage)
             ... on Level 3 of the Dungeon.
             The game lasted 00:08:01 (2032 turns).

Impy the Poker (Demonspawn Gladiator)               Turns: 2032, Time: 00:08:02

HP  -1/35        AC  4     Str 16      XL: 4   Next: 55%
MP   3/3         EV 12     Int 10      God:
Gold 142         SH  0     Dex 13      Spells:  0 memorised,  3 levels left

Res.Fire  : + . .   See Invis. : .   a - +0,+1 trident
Res.Cold  : . . .   Warding    : .   b - +0 leather armour
Life Prot.: . . .   Conserve   : .   (no shield)
Res.Poison: +       Res.Corr.  : .   c - +0 helmet
Res.Elec. : .       Clarity    : +   (no cloak)
Sust.Abil.: . .     Spirit.Shd : .   (no gloves)
Res.Mut.  : .       Stasis     : .   (no boots)
Res.Rott. : .       Flight     : .   (no amulet)
Saprovore : . . .                    (no ring)
                                     s - ring of poison resistance

@: very slightly contaminated, slightly resistant to hostile enchantments, very
unstealthy
A: clarity, conserve scrolls, fire resistance 1
a: no special abilities


You were on level 3 of the Dungeon.
You were not hungry.

You visited 1 branch of the dungeon, and saw 3 of its levels.

You collected 122 gold pieces.

Inventory:

Hand weapons
 a - a +0,+1 trident (weapon)
Armour
 b - a +0 leather armour (worn)
 c - a +0 helmet (worn)
 l - a +0 buckler
Magical devices
 u - a wand of paralysis (16) {unknown}
Comestibles
 f - 3 bread rations
 j - a rotting chunk of kobold flesh
 k - 3 meat rations
 n - a pear
 p - an apricot
Scrolls
 e - 6 scrolls of identify
 i - a scroll of curse jewellery {unknown}
 q - 2 scrolls of blinking
 r - a scroll of enchant weapon II
Jewellery
 s - a ring of poison resistance (left hand)
Potions
 o - a potion of cure mutation


   Skills:
 + Level 3.1 Fighting
 + Level 4.1 Polearms
 - Level 1.7 Throwing
 - Level 3.0 Dodging


You had 3 spell levels left.
You didn't know any spells.

Dungeon Overview and Level Annotations

Branches:
Dungeon (3/27)

Altars:
Xom

Annotations:
D:3 Sigmund


Innate Abilities, Weirdness & Mutations

You are very good at protecting items from fire.
Your flesh is heat resistant.
You possess an exceptional clarity of mind.


Message History

Drink which item? (? for menu, Esc to quit)
You feel better. It hits you!
* * * LOW HITPOINT WARNING * * *
Drink which item? (? for menu, Esc to quit)
You feel better.
You miss it.
You hear some strange, mumbled words.
The magic dart hits you!
* * * LOW HITPOINT WARNING * * *
You closely miss it. It hits you!
* * * LOW HITPOINT WARNING * * *
You hit it. It hits you.
* * * LOW HITPOINT WARNING * * *
You miss it. It completely misses you.
You closely miss it. You hit it.
You hear some strange, mumbled words.
Something tries to affect you, but you resist.
You closely miss it. It hits you.
You die...

###..###### #.# ##..
##.# .. #..# . >
####.######## ...
#....(..)...# ...?
#.........>.# .....
#...........#
......g####...........#
...(..g(@.............#
......b####........<..#
..... #####.####### ###+
#..# ##.# #.# #####+##
######.### #......#
###........#
#......######..(.......#
+


You could see 2 goblins and a bat.

Vanquished Creatures
  Ijyb (D:3)
  2 adders
  A giant mite (D:2)
  A worm (D:2)
  2 giant geckos
  An ooze (D:3)
  A ball python (D:2)
  2 giant cockroaches
  7 goblins
  8 hobgoblins
  6 kobolds
  A quokka (D:2)
  8 bats
  A giant newt (D:1)
  9 rats
51 creatures vanquished.

Notes
Turn   | Place    | Note
--------------------------------------------------------------
     0 | D:1      | Impy, the Demonspawn Gladiator, began the quest for the Orb.
     0 | D:1      | Reached XP level 1. HP: 17/17 MP: 0/0
   177 | D:1      | Reached skill level 3 in Dodging
   304 | D:1      | Gained mutation: You are very good at protecting items from fire. [demonic ancestry]
   304 | D:1      | Reached XP level 2. HP: 14/23 MP: 1/1
   770 | D:1      | Gained mutation: You are frail (-10% HP). [potion of mutation]
   770 | D:1      | Gained mutation: You have supernaturally acute eyesight. [potion of mutation]
   770 | D:1      | Gained mutation: Your natural rate of healing is unusually fast. [potion of mutation]
   928 | D:2      | Reached XP level 3. HP: 16/25 MP: 2/2
  1170 | D:2      | Lost mutation: You are frail (-10% HP). [potion of cure mutation]
  1170 | D:2      | Lost mutation: Your natural rate of healing is unusually fast. [potion of cure mutation]
  1170 | D:2      | Lost mutation: You have supernaturally acute eyesight. [potion of cure mutation]
  1692 | D:3      | Gained mutation: Your flesh is heat resistant. [demonic ancestry]
  1692 | D:3      | Reached XP level 4. HP: 35/35 MP: 3/3
  1733 | D:3      | Gained mutation: You possess an exceptional clarity of mind. [potion of beneficial mutation]
  1880 | D:3      | Noticed Ijyb
  1898 | D:3      | Killed Ijyb
  1898 | D:3      | Reached skill level 4 in Polearms
  1908 | D:3      | Found a shimmering altar of Xom.
  1984 | D:3      | Noticed Sigmund
  2027 | D:3      | HP: 1/35 [something (7)]
  2032 | D:3      | Slain by Sigmund

Action                   |  1- 3 |  4- 6 || total
-------------------------+-------+-------++-------
Melee: Trident           |   148 |    80 ||   228
Throw: Throwing net      |     3 |     7 ||    10
  Use: Scroll            |    12 |     1 ||    13
       Potion            |     6 |     6 ||    12
 Stab: Sleeping          |     1 |       ||     1
       Held in net/web   |       |     4 ||     4
